[Event "Marmaris Icmeler-IM May 2022"]
[Site "Icmeler"]
[Date "2022.05.08"]
[Round "8.3"]
[White "Toufighi, Homayoon"]
[Black "Taspinar, Yanki"]
[Result "0-1"]
[ECO "C26"]
[WhiteElo "2439"]
[BlackElo "2176"]
[Annotator "TA"]
[PlyCount "66"]
[EventDate "2022.05.05"]
[EventType "schev"]
[EventCountry "TUR"]
[SourceTitle "playchess.com"]
[Source "ChessBase"]
[SourceQuality "1"]
[TimeControl "5400+30"]

1. e4 e5 2. Nc3 Nf6 3. g3 d5 4. exd5 Nxd5 5. Bg2 Nxc3 6. bxc3 Nc6 7. Ne2 {[%emt 0:00:30] C26: Vienna Game: 2...Nf6, sidelines .} (7. Nf3 $11) 7... Be6 $1 $15 8. O-O Bd5 9. f3 {[%emt 0:01:30] Black is slightly better.} Bc5+ 10. d4 (10. Kh1 $1 $15) 10... Bb6 $1 $17 11. Ba3 Qf6 12. Qd3 O-O-O $1 13. Kh1 {[%emt 0:08:30] [#]} exd4 $146 ({Predecessor:} 13... h5 14. c4 Be6 15. d5 h4 16. f4 exf4 17. Nxf4 Bf5 18. Bh3 g6 19. Bxf5+ gxf5 {0-1 (32) Laheri,N (1462)-Pujari,R (2127) Bhopal 2017}) 14. Nf4 Be6 15. Nxe6 Qxe6 ({Reject} 15... fxe6 $6 16. c4 $11) 16. Rfe1 Qg6 17. Bh3+ Kb8 {[%emt 0:00:30] And now ...dxc3 would win.} 18. Bf5 (18. c4 $17 {keeps fighting.}) 18... Qf6 19. c4 {[%emt 0:00:00] [#]} Ba5 $1 ({And not} 19... Ne5 20. Qe4 Nc6 21. Qd3 $17) 20. Re2 {[%emt 0:03:00] [#]} Bb4 $1 {[%emt 0:07:30] ...Bxa3 is the strong threat.} ({Not} 20... Ne5 21. Qe4 Nc6 22. Rd1 $17) 21. Bc1 Ba5 (21... Bc3 $19 22. Rb1 Nb4) 22. Ba3 Bb4 (22... Ne5 $17 23. Qe4 Nc6) 23. Bc1 $1 $19 Ne5 $2 (23... Bc3 $19 {and Black stays clearly on top.} 24. Rb1 Nb4) 24. Rxe5 $2 {[%emt 0:00:00] Now White is beyond hope.} Qxe5 25. Bf4 Qc5 26. Rb1 a6 27. Be4 {[%emt 0:00:00] aiming for Qb3.} b6 28. Qb3 Ba5 29. Bc1 f5 30. Ba3 Qe5 31. Bc6 d3 32. cxd3 Qe2 33. Bd5 $2 (33. Qd1 Qxd3 34. Qxd3 Rxd3 35. Be7) 33... Be1 {[%emt 0:01:08] Weighted Error Value: White=0.45/Black=0.33} 0-1

[Event "Marmaris Icmeler-IM May 2022"]
[Site "Icmeler"]
[Date "2022.05.08"]
[Round "8.4"]
[White "Huseyinoglu, Alihan"]
[Black "Kilic, Eray"]
[Result "1-0"]
[ECO "E51"]
[WhiteElo "2278"]
[BlackElo "2192"]
[Annotator "TA"]
[PlyCount "149"]
[EventDate "2022.05.05"]
[EventType "schev"]
[EventCountry "TUR"]
[SourceTitle "playchess.com"]
[Source "ChessBase"]
[SourceQuality "1"]
[TimeControl "5400+30"]

1. d4 Nf6 2. c4 e6 3. Nc3 Bb4 4. e3 O-O 5. Bd2 d5 6. Nf3 Nbd7 7. Rc1 {[%emt 0:04:30] now supersedes 7.Bd3. E51: Nimzo-Indian: Rubinstein: 4...0-0 5 Nf3 d5.} c6 8. Bd3 Qe7 9. O-O {[%emt 0:14:30] The position is equal.} dxc4 10. Bxc4 e5 11. Qc2 Bd6 12. h3 {[%emt 0:06:30] [#]} e4 $146 ({Predecessor:} 12... a5 13. a3 Bc7 14. Ba2 g6 15. Rfe1 Kg7 16. e4 exd4 17. Nxd4 Ne5 18. f4 Bb6 19. Be3 Neg4 20. Nf5+ gxf5 21. Bxb6 Nh6 22. exf5 Qd7 23. g4 {1-0 (23) Bluebaum,M (2642)-Sjugirov,S (2680) Chess.com INT 2022}) 13. Ng5 Nb6 14. Bb3 Bf5 15. f3 Nbd5 16. Ngxe4 (16. fxe4 Bg6 $15) 16... Nxe4 17. Nxe4 Rae8 18. Qd1 Bxe4 19. fxe4 Qxe4 20. Bc2 Qh4 21. Qf3 Nf6 {[%emt 0:14:30] Inhibits e4.} 22. Be1 Qg5 23. Bf2 Qd5 24. Qxd5 Nxd5 25. e4 Nf4 26. Rce1 {[%emt 0:02:00] Against Ne2+} Bb4 27. Re3 f5 28. e5 (28. exf5 Ne2+ 29. Kh1 Rxe3 30. Bxe3 Ng3+ 31. Kg1 Nxf1 32. Kxf1 Ba5 $15) 28... b6 (28... Ba5 $16 {is a better defense.}) 29. Rf3 $18 Ne2+ (29... g5 $142 30. Be3 Kg7) 30. Kh2 Bd2 (30... c5 $142 31. a3 (31. Bxf5 Nxd4 32. Bxd4 cxd4 $14) 31... Bd2) 31. Rd1 Bh6 32. Rxf5 {[%emt 0:01:43] [#]} (32. g3 $18 {has better winning chances.}) 32... g6 33. Rf3 Rd8 34. Bd3 Nf4 (34... Rxf3 $16 {keeps fighting.} 35. gxf3 Nf4) 35. Be4 c5 (35... Nd5 $142 36. Re1 Rxf3 37. Bxf3 Bf4+ 38. g3 Bh6) 36. Be3 (36. Bc2 $18 {and the rest is easy.}) 36... cxd4 $16 37. Rxd4 Rde8 {[%emt 0:00:24][%mdl 8192] This move loses the game for Black.} (37... Rxd4 $16 {is more resistant.} 38. Bxd4 Ne2) 38. Bc6 $18 {[%emt 0:00:54][%csl LRe8,LRf4] This bishop pair is nice.} Re6 39. Bd7 ({Less strong is} 39. Bxf4 Rxf4 40. Rfxf4 (40. Rdxf4 Bxf4+ 41. Rxf4 Rxc6 $16) 40... Bxf4+ 41. Rxf4 Rxc6 $16) 39... Re7 40. e6 g5 41. Re4 Rd8 42. Bxf4 (42. h4 $142 {And now hxg5 would win.} Ng6 43. Rf5 (43. Bxg5 Bxg5 44. hxg5 Kg7 $18)) 42... gxf4 43. Re5 Bg7 44. Rf5 Bxb2 45. R3xf4 Bc3 46. g4 a6 47. Rc4 Bg7 48. Kg2 h6 49. Kf3 Rdxd7 $2 (49... b5 {is a better chance.} 50. Rc6 b4 51. Rxa6 Bc3) 50. exd7 Rxd7 {[%emt 0:00:00][%mdl 4096] Endgame KRR-KRB} 51. a4 Rd3+ 52. Kg2 Rb3 (52... Rd7 $142 53. Rc6 b5 54. axb5 axb5 55. Rxb5 Kh7) 53. Rc8+ Kh7 54. Rc7 {[%emt 0:00:05] [#] Black must now prevent Rff7.} Kg8 55. Rd5 Bf6 56. Rdd7 {[%emt 0:01:03] Intending Rc8+ and mate.} Rb2+ 57. Kf3 {[%emt 0:00:00] White mates.} Rb3+ 58. Ke4 Rc3 59. Rxc3 Bxc3 {[%emt 0:00:01] KR-KB} 60. Rd6 b5 61. Rxa6 Kg7 62. Kf5 Bd2 63. Ra7+ Kf8 64. Kg6 Bg5 65. Rh7 Bd2 66. Rh8+ Ke7 67. Rxh6 Bc3 68. Rh7+ Ke6 69. h4 Be5 70. h5 Bf6 71. g5 Be5 72. h6 Kd5 73. Re7 Bc3 74. h7 Bh8 75. Re8 {[%emt 0:00:00] Weighted Error Value: White=0.18 (very precise) /Black=0.55} 1-0

[Event "Marmaris Icmeler-IM May 2022"]
[Site "Icmeler"]
[Date "2022.05.08"]
[Round "8.5"]
[White "Darban, Morteza"]
[Black "Nazari, Arad"]
[Result "0-1"]
[ECO "A36"]
[WhiteElo "2279"]
[BlackElo "2287"]
[Annotator "TA"]
[PlyCount "67"]
[EventDate "2022.05.05"]
[EventType "schev"]
[EventCountry "TUR"]
[SourceTitle "playchess.com"]
[Source "ChessBase"]
[SourceQuality "1"]
[TimeControl "5400+30"]

1. c4 c5 2. Nc3 Nc6 3. g3 g6 4. Bg2 Bg7 5. e4 a6 6. Nge2 b5 7. d3 {[%emt 0:02:30] A36: Symmetrical English vs ...g6: 4 Bg2 Bg7.} Rb8 8. O-O d6 9. f4 {[%emt 0:02:30][%cal Oe4e5] The position is equal. is the legacy move (9.Rb1).} b4 10. Nd5 {[%emt 0:03:30] [#]} Bg4 $146 ({Predecessor:} 10... e6 11. Ne3 Nge7 12. Rb1 O-O 13. b3 f5 14. Bb2 Nd4 15. h3 Bb7 16. Kh2 Qb6 {½-½ (43) Schuette,M (2346)-Zysk,R (2468) Bad Wiessee 2006}) 11. Ne3 Bxe2 12. Qxe2 Nd4 13. Qf2 Nf6 14. b3 O-O 15. Bb2 Nd7 16. g4 a5 17. Rab1 a4 18. bxa4 Nb6 {[%emt 0:05:30] Pair of Knights!} (18... Ra8 $5 ) 19. Nc2 $1 Nxc2 20. Bxg7 Kxg7 21. Qxc2 e5 22. f5 f6 23. h4 Qd7 (23... Rg8 $11) 24. a5 $16 Na4 25. Rf2 ({White should try} 25. a3 $16) 25... Nc3 $11 26. Rbf1 (26. Rb3 $11) 26... Ra8 $17 27. g5 (27. a3 $17 Rxa5 28. axb4 cxb4 29. Qc1) 27... Rxa5 $19 28. gxf6+ ({Much weaker is} 28. fxg6 Rxa2 29. gxf6+ Kxg6 30. h5+ (30. Qc1 $2 Qg4 $19) 30... Kf7 $17) 28... Rxf6 29. fxg6 $2 {[%emt 0:00:30] [#]} (29. Qc1 {is tougher.} Rxa2 30. Rxa2 Nxa2 31. Qg5) 29... Rf4 {[%emt 0:02:22] Black is clearly winning.} ({Not} 29... Rxg6 $2 30. h5 Rg5 31. Qc1 $19) 30. h5 Rxa2 31. Qc1 Rfxf2 32. Rxf2 Ne2+ 33. Rxe2 Rxe2 34. Qg5 {[%emt 0:06:21] Prevents Qg4.  Weighted Error Value: White=0.55/Black=0.09 (flawless)} 0-1

[Event "Marmaris Icmeler-IM May 2022"]
[Site "Icmeler"]
[Date "2022.05.09"]
[Round "9.1"]
[White "Hereklioglu, Sude"]
[Black "Sevdimaliyev, Urfan"]
[Result "0-1"]
[ECO "D76"]
[WhiteElo "1918"]
[BlackElo "2331"]
[Annotator "TA"]
[PlyCount "88"]
[EventDate "2022.05.05"]
[EventType "schev"]
[EventCountry "TUR"]
[SourceTitle "playchess.com"]
[Source "ChessBase"]
[SourceQuality "1"]
[TimeControl "5400+30"]

1. Nf3 Nf6 2. g3 g6 3. Bg2 Bg7 4. O-O O-O 5. c4 d5 6. cxd5 Nxd5 7. Nc3 Nc6 8. d4 Nb6 9. e3 a5 10. b3 e5 {[%emt 0:10:30][%cal Re5d4] D76: Fianchetto Grünfeld: Main Line with 7...Nb6.} 11. dxe5 Nxe5 12. Nxe5 Bxe5 {[%emt 0:00:30] The position is equal.} 13. Bb2 Qe7 14. Qc2 c6 15. f4 Bg7 (15... Bf5 16. e4 Qc5+ 17. Rf2 Bxc3 18. Bxc3 $16 (18. Qxc3 Qxc3 19. Bxc3 Be6 $16)) 16. e4 {[%emt 0:04:30] [#]} Qc5+ $146 ({Predecessor:} 16... Rd8 17. Kh1 a4 18. Rac1 axb3 19. Qxb3 Ra6 20. f5 Nd7 21. a4 Rb6 22. Qa2 gxf5 23. exf5 {½-½ (69) Dimitrijevic,A (2139)-Uzumcu,A (2211) Marmaris 2019}) 17. Kh1 a4 18. Rac1 axb3 19. axb3 Qb4 20. f5 {[%emt 0:01:00] Against Be6} Nd7 21. Ne2 Ra2 22. Rb1 {[%emt 0:04:30] [#]} (22. Nc3 $11 Ra5 23. Na4) 22... Rxb2 (22... Re8 $1 $17 23. Qc1 Bxb2 24. Rxb2 Rxb2 25. Qxb2 Nc5) 23. Rxb2 $15 Bxb2 24. Qxb2 Nc5 25. f6 (25. Nf4 $11 {keeps the balance.}) 25... Nxb3 (25... Qxb3 26. Qc1 Ne6 27. Qh6 $15) ({Black should play} 25... Re8 26. Nc3 Nxb3) 26. Nf4 $17 {[%emt 0:19:05] Hoping for Rb1.} Qc4 27. Rd1 Nc5 28. Qe5 Ne6 29. Nxe6 Qxe6 (29... Bxe6 $2 30. Qd6 Bd7 31. Qxd7 $18) 30. Qf4 Qg4 ({Better is} 30... h6 $17 {Strongly threatening ...g5.} 31. e5 Qg4) 31. Qd6 $1 $11 Qe6 $2 {[%emt 0:02:06][%mdl 8192] [#]} (31... Re8 $11) 32. Qf4 $2 (32. Qe7 $1 $18 {White wants to mate with Rd8.} Re8 33. Rd8 Qxe7 34. fxe7) 32... h6 $17 33. e5 Qg4 34. Qd2 (34. Rb1 $142 Qxf4 35. gxf4) 34... Bf5 (34... Kh7 $142 35. Rf1 Re8) 35. h3 Qg5 36. Qb4 (36. Qxg5 $142 hxg5 37. g4) 36... Re8 37. Kh2 Bc8 (37... Rxe5 {leads to mate.} 38. Rd8+) 38. Qd6 {[%emt 0:00:06] And now Qc7 would win.} Qf5 (38... Qxe5 $2 39. Qxe5 Rxe5 40. Rd8+ Kh7 41. Rxc8 $18) 39. Re1 (39. Qc7 $15 Qe6 40. Rd8) 39... Be6 ({Don't play} 39... Qf2 $6 40. Rd1 Kh7 41. Qc7 $15 (41. Rd2 Qe1 $17)) 40. Qc7 $2 (40. Qd4 $17 {might work better.}) 40... Bd5 {[%emt 0:00:54] White must now prevent ...Bxg2.} 41. Qxb7 (41. Re2 {was necessary.} Bxg2 42. Kxg2) 41... Qf2 42. Rg1 Qe2 43. Qe7 $2 (43. h4) 43... Rxe7 $19 44. fxe7 Qxe5 {[%emt 0:00:03] Weighted Error Value: White=0.69/Black=0.44} 0-1

[Event "Marmaris Icmeler-IM May 2022"]
[Site "Icmeler"]
[Date "2022.05.09"]
[Round "9.2"]
[White "Ince, Taylan Ruzgar"]
[Black "Toufighi, Homayoon"]
[Result "0-1"]
[ECO "E63"]
[WhiteElo "2018"]
[BlackElo "2439"]
[Annotator "TA"]
[PlyCount "110"]
[EventDate "2022.05.05"]
[EventType "schev"]
[EventCountry "TUR"]
[SourceTitle "playchess.com"]
[Source "ChessBase"]
[SourceQuality "1"]
[TimeControl "5400+30"]

1. d4 Nf6 2. c4 g6 3. Nf3 Bg7 4. g3 O-O 5. Bg2 d6 6. O-O Nc6 7. Nc3 a6 8. Re1 {[%emt 0:00:00] 8.b3 is a critical line.} Rb8 9. Rb1 Bf5 10. e4 {[%emt 0:00:30] E63: King's Indian: Fianchetto: Panno Variation with 7...a6.} Bg4 11. Be3 Nd7 12. h3 {[%emt 0:05:30] White is slightly better.} Bxf3 13. Bxf3 e5 14. d5 Nd4 15. Bg2 c5 16. dxc6 bxc6 17. b4 {[%emt 0:00:30] [#]} Qe7 $146 ({Predecessor:} 17... c5 18. a3 Rc8 19. Bf1 cxb4 20. axb4 Nb6 21. c5 dxc5 22. Bxa6 cxb4 23. Bxd4 exd4 {½-½ (45) Kardashevskiy,E (2428)-Zakhartsov,V (2514) Sochi 2019}) 18. Bf1 Qe6 19. Kg2 Kh8 20. b5 axb5 21. cxb5 c5 (21... cxb5 $11 {remains equal.} 22. Nxb5 Qxa2) 22. Nd5 $16 f5 23. Qd3 ({Better is} 23. a4 $14) 23... Rfc8 (23... f4 $11 24. Bxd4 cxd4) 24. Qc4 fxe4 $2 (24... f4 $11) 25. a4 Ra8 26. b6 {[%emt 0:01:02][%mdl 1024] White has strong compensation.} Rcb8 27. Rb2 Bf6 28. Reb1 Bd8 29. Bd2 e3 30. Bxe3 ({White should play} 30. fxe3 $16 Rxa4 31. Qxa4 Qxd5+ 32. Kh2 Nf3+ 33. Kh1 Nxd2+ 34. Bg2) 30... Qe8 $2 (30... Rxa4 $1 $11 31. Qxa4 Qxd5+ 32. Kh2 Nf3+ 33. Kh1 Nh4+ 34. Kh2 Nf3+ 35. Kh1 Ne1+ 36. Kh2 Nf3+) 31. Bd2 $18 Nxb6 32. Nxb6 Qc6+ 33. Qd5 {[%emt 0:00:06] And now Qxc6 would win.} ({Don't play} 33. Nd5 Rxb2 34. Rxb2 Rxa4 $18) 33... Rxb6 34. Qxc6 Rxc6 {[%emt 0:00:30] [#]} 35. Rb8 (35. Bc4 $1 $18 {[%cal Rc4d5] is the precise move to win.}) 35... Rc8 $16 36. Rxc8 Rxc8 37. Bc4 Nc6 {[%emt 0:00:30] Against a5} (37... Ra8 $2 38. Bd5 Rc8 39. a5 $18) 38. Kf3 (38. Rb5 $5 ) 38... Ba5 39. Be3 Nb4 {[%emt 0:01:30] Hoping for ...d5.} 40. Ke4 {[%emt 0:00:16] Inhibits d5+.} (40. Rd1 $5 Bc7 41. a5 $11) 40... Kg7 41. Rd1 Bc7 42. h4 (42. a5 $5) 42... Rd8 43. f3 Ra8 44. Bxc5 {[%emt 0:01:45] A strong pair of Bishops.} Rxa4 45. Bxd6 Na6 46. Bxe5+ (46. Bb4 $1 $15) 46... Bxe5 $19 47. Rd7+ Kh6 {[%emt 0:01:00] Threatens to win with ...Nc5+.} 48. Kxe5 {[%emt 0:00:46] White threatens Bg8 and mate.} Rxc4 {[%emt 0:00:00][%mdl 4096] Endgame KRN-KR} 49. g4 {[%emt 0:00:26] g5+ would kill now.} Rc7 50. Rd6 Nc5 51. f4 $2 (51. Kf4 {keeps fighting.}) 51... Kg7 52. f5 Re7+ 53. Kd5 {[%emt 0:00:03] f6+ is the strong threat.} Ne4 {[%emt 0:00:30] Inhibits f6+.} 54. Re6 {[%emt 0:01:04] [#]} (54. Rb6 $19) 54... Nf6+ 55. Kd6 $2 (55. Kc5 $19 Rxe6 56. fxe6) 55... Rxe6+ {[%emt 0:00:30] Never resign too early!  Weighted Error Value: White=0.55/Black=0.31} 0-1

[Event "Marmaris Icmeler-IM May 2022"]
[Site "Icmeler"]
[Date "2022.05.09"]
[Round "9.3"]
[White "Taspinar, Yanki"]
[Black "Huseyinoglu, Alihan"]
[Result "0-1"]
[ECO "B62"]
[WhiteElo "2176"]
[BlackElo "2278"]
[Annotator "TA"]
[PlyCount "78"]
[EventDate "2022.05.05"]
[EventType "schev"]
[EventCountry "TUR"]
[SourceTitle "playchess.com"]
[Source "ChessBase"]
[SourceQuality "1"]
[TimeControl "5400+30"]

1. e4 c5 2. Nf3 Nc6 3. d4 cxd4 4. Nxd4 Nf6 5. Nc3 d6 6. Bg5 e6 7. Bb5 Bd7 8. Qd3 {[%emt 0:00:00] outshines the older 8.Bxc6. B62: Sicilian: Richter-Rauzer: 6...e6: Unusual White 7th moves.} Be7 9. O-O-O O-O 10. Bxc6 {[%emt 0:00:30] The position is equal.} Bxc6 {[%emt 0:08:30] [#]} 11. Nxc6 $146 ({Predecessor:} 11. f4 Qc7 12. Rhe1 Rfd8 13. Kb1 a6 14. Qg3 Rac8 15. e5 dxe5 16. fxe5 Nd5 17. Ne4 {0-1 (38) Eynullayev,A (2347)-Sapunov,E (2461) Chess.com INT 2021}) 11... bxc6 12. f4 Qa5 13. Rhe1 (13. f5 $11 {might be stronger.}) 13... h6 $15 14. Bh4 Qh5 (14... Rfb8 $15) 15. Bg3 (15. Qg3 $5 ) 15... Qa5 16. f5 e5 17. Bh4 (17. Kb1 $11) 17... Rfd8 (17... Rab8 $1 $15) 18. Qc4 (18. g4 $11) 18... Rab8 $1 {[%emt 0:04:59] Hoping for ...d5.} 19. Qa4 Qc5 ({Black should try} 19... Qb6 $15 20. b3 Qc5 21. Bxf6 Bxf6) 20. a3 $1 $11 Kf8 (20... Qb6 $5 21. b3 Rd7 $11) 21. Rd3 Nd7 22. Bxe7+ Kxe7 23. Red1 (23. Nd1 $11) 23... Qb6 $1 $15 {[%emt 0:01:12] [#] ...Nc5 is the strong threat.} 24. b4 {[%emt 0:00:16] Inhibits Nc5.} Nf6 25. h3 a5 (25... Rbc8 $15) 26. bxa5 $11 ({Of course not} 26. Qxa5 Qxa5 27. bxa5 Ra8 $17) 26... Qc5 27. a6 (27. Na2 $1 $11 {remains equal.}) 27... Qb6 28. g4 Ra8 $1 29. Qb4 Rxa6 30. Qxb6 Rxb6 31. Re1 Nd7 32. Kd2 Nc5 33. Rg3 f6 34. h4 d5 35. exd5 (35. g5 $17) 35... cxd5 $19 36. g5 hxg5 37. hxg5 d4 38. Na2 e4 39. Nb4 {[%emt 0:00:04] [#]} ({White should play} 39. gxf6+ gxf6 40. Rg7+ Kd6 41. Nb4) 39... Kd6 $1 {[%emt 0:00:51] Weighted Error Value: White=0.20 (precise) /Black=0.18 (very precise)} 0-1

[Event "Marmaris Icmeler-IM May 2022"]
[Site "Icmeler"]
[Date "2022.05.09"]
[Round "9.4"]
[White "Kilic, Eray"]
[Black "Darban, Morteza"]
[Result "1-0"]
[ECO "B11"]
[WhiteElo "2192"]
[BlackElo "2279"]
[Annotator "TA"]
[PlyCount "81"]
[EventDate "2022.05.05"]
[EventType "schev"]
[EventCountry "TUR"]
[SourceTitle "playchess.com"]
[Source "ChessBase"]
[SourceQuality "1"]
[TimeControl "5400+30"]

1. e4 c6 2. Nc3 d5 3. Nf3 Bg4 4. h3 Bxf3 5. Qxf3 Nf6 6. e5 Nfd7 $1 7. d4 {[%emt 0:02:30] B11: Caro-Kann: Two Knights Variation.} e6 8. Qg3 Qb6 9. Bd3 (9. f4 $11) 9... Qxd4 $17 10. O-O {[%emt 0:00:00] [#]} h5 $146 (10... Nxe5 $2 11. Be3 Qb4 12. Qxe5 $18) ({Predecessor:} 10... Qxe5 11. Bf4 Qd4 12. Ne2 Qc5 13. b4 Qe7 14. Nd4 Qxb4 15. Nf5 Na6 16. Rab1 Qa5 17. Rxb7 exf5 {½-½ (35) Christensen,J-Schmidt,K (2235) Aarhus 1984}) 11. Re1 h4 12. Qg5 {[%emt 0:01:30] [#]} Na6 ({Resist} 12... Bc5 13. Be3 Qxe5 14. Qxe5 Nxe5 15. Bxc5 $18) (12... g6 $142 $1 13. Qf4 Qxf4 14. Bxf4 Bg7) 13. Be3 (13. a3 $17) 13... Qxe5 $19 14. Qg4 Qh5 ({Weaker is} 14... Bd6 15. f4 Qf6 16. Bxa6 bxa6 17. Rad1) 15. Qd4 Nb4 16. Bf4 Nxd3 17. cxd3 Qf5 18. Ne2 Qf6 ({Not} 18... e5 19. Bxe5 O-O-O 20. Bh2 $17) 19. Qa4 Be7 20. d4 O-O 21. Qb3 b5 22. a4 b4 23. a5 c5 24. Qa4 cxd4 25. Qxd7 d3 $1 {[%emt 0:00:01][%csl LRb2,LRe2][%mdl 64] Discovered Attack} 26. Bc7 (26. Nc1 {keeps fighting.} Qxf4 27. Qxe7) 26... dxe2 27. Rxe2 Bc5 28. Rc1 (28. Qb5 $142 Be7 29. Qb7) 28... Bd4 29. Rc6 Bxb2 30. Bd6 Rfd8 31. Qb7 Bc3 32. Be7 {[%emt 0:11:48] [#]} Qf4 33. Bxd8 Rxd8 34. Re3 Qb8 ({Black should try} 34... Rf8 $19 {And now ...d4 would win.} 35. Qc7 Qd4 36. Rexc3 bxc3 37. Rxc3 Qd1+ 38. Kh2 Qe1) 35. a6 $1 $11 Rf8 {[%emt 0:04:55] Threatens to win with ...Qf4.} 36. Rc7 {[%emt 0:00:30][%cal Oc7f7] Rxf7! is the strong threat.} Qe8 37. Qxa7 (37. Rf3 $11) 37... d4 $2 {[%emt 0:00:01][%mdl 8192] This costs Black the game.} (37... Qa4 $17 {stays on course. Strongly threatening ...Qa1+.} 38. Kh2 Qa1 39. Rexc3 bxc3) 38. Rf3 e5 $2 {[%emt 0:00:58] [#]} (38... d3) 39. Rfxf7 $3 Rxf7 40. Rxf7 Kh8 41. Rxg7 {[%emt 0:00:02] Weighted Error Value: White=0.35/Black=0.61} 1-0

[Event "Marmaris Icmeler-IM May 2022"]
[Site "Icmeler"]
[Date "2022.05.09"]
[Round "9.5"]
[White "Nazari, Arad"]
[Black "Odeev, Handszar"]
[Result "1/2-1/2"]
[ECO "B90"]
[WhiteElo "2287"]
[BlackElo "2305"]
[Annotator "TA"]
[PlyCount "21"]
[EventDate "2022.05.05"]
[EventType "schev"]
[EventCountry "TUR"]
[SourceTitle "playchess.com"]
[Source "ChessBase"]
[SourceQuality "1"]
[TimeControl "5400+30"]

1. e4 c5 2. Nf3 d6 3. d4 cxd4 4. Nxd4 Nf6 5. Nc3 a6 6. Be3 Ng4 7. Bc1 {[%emt 0:00:30] [#]} Nf6 $146 ({Predecessor:} 7... Nc6 8. Be2 Qb6 9. Bxg4 Qxd4 10. Qe2 Ne5 11. Bxc8 Rxc8 12. O-O e6 13. Rd1 Qc4 14. Qxc4 Rxc4 15. a4 Be7 16. f3 g5 17. Be3 Kd7 {1-0 (63) Dominguez Perez,L (2758)-Duda,J (2738) chess24.com INT 2021}) 8. Be3 Ng4 9. Bc1 Nf6 10. Be3 Ng4 11. Bc1 {[%emt 0:00:30] 11.Nf5 is setting a new trend.} 1/2-1/2

[Event "Marmaris Icmeler-IM May 2022"]
[Site "Icmeler"]
[Date "2022.05.09"]
[Round "10.1"]
[White "Toufighi, Homayoon"]
[Black "Hereklioglu, Sude"]
[Result "1-0"]
[ECO "B22"]
[WhiteElo "2439"]
[BlackElo "1918"]
[Annotator "TA"]
[PlyCount "83"]
[EventDate "2022.05.05"]
[EventType "schev"]
[EventCountry "TUR"]
[SourceTitle "playchess.com"]
[Source "ChessBase"]
[SourceQuality "1"]
[TimeControl "5400+30"]

1. e4 c5 2. Nf3 e6 3. c3 d5 4. exd5 Qxd5 5. d4 cxd4 6. cxd4 Nf6 7. Nc3 Qd6 8. Bd3 Be7 9. O-O O-O 10. Be3 Nc6 11. a3 a6 12. Rc1 b5 {[%emt 0:01:30] B22: Sicilian: 2 c3.} 13. Ne4 Nxe4 14. Bxe4 Bb7 {[%emt 0:00:30] The position is equal.} 15. Ne5 Rac8 16. Bf4 Nxe5 17. Rxc8 Bxc8 18. Bxe5 $40 {[%emt 0:03:30][%mdl 128] [#] White mounts an attack.} Qb6 $146 ({Predecessor:} 18... Qd8 19. Qd3 h6 20. Qg3 Bf6 21. Rc1 Bxe5 22. Qxe5 Qg5 23. f4 Qxe5 24. dxe5 g5 {1-0 (38) Bucher,G (2114)-Healy,J (1889) Struga 2021}) 19. Qc2 f5 (19... h6 $11 {keeps the balance.}) 20. Bc6 {[%emt 0:00:30] White is more active.} Bb7 21. Bxb7 Qxb7 22. Rc1 Qd5 {[%emt 0:08:00] White now steadily converts the win.} (22... Rd8 $14) 23. Qc6 $16 Bf6 24. Qxd5 (24. Qxa6 $6 Bxe5 25. dxe5 Qxe5 $11) 24... exd5 {[%emt 0:00:00][%mdl 4096] Endgame KRB-KRB} 25. Rc6 Kf7 (25... f4 $142) 26. f4 (26. Rxa6 Rc8 27. g3 Rc1+ 28. Kg2 Bxe5 29. dxe5 Rc2 $16) ({White should try} 26. Bxf6 gxf6 27. Rxa6) 26... Ra8 27. Kf2 a5 (27... Be7 $142) 28. Rc5 b4 {[%emt 0:00:30] [#]} 29. a4 $1 (29. Rxd5 bxa3 30. bxa3 a4 $16) 29... Ke6 30. Rc6+ Ke7 31. Ke3 h6 (31... h5 {was worth a try.} 32. Kd3 b3) 32. h3 Kf7 (32... Bxe5 $142 33. dxe5 (33. fxe5 g5 $18) 33... g5) 33. Rd6 $18 Rc8 34. Kd3 {[%emt 0:01:30] Inhibits Rc2.} ({Not} 34. Rxd5 Rc2 35. g4 (35. Rxa5 Rxb2 36. Ra7+ Kg6 $18) 35... fxg4 36. hxg4 Rxb2 37. Rxa5 Rg2 $18) 34... b3 35. Rd7+ (35. Rxd5 $142 Rc2 36. Rxa5) 35... Ke6 {[%emt 0:01:30] [#]} 36. Rc7 Rxc7 (36... Ra8 $142 37. Rc6+ Kf7 38. Bxf6 gxf6) 37. Bxc7 {[%emt 0:00:00] KB-KB} g5 (37... Be7 $142 38. Bxa5 Kd7) 38. Bxa5 gxf4 $2 (38... g4 {is a better defense.} 39. Bc7 gxh3 40. gxh3 Be7) 39. Bc7 Bg5 40. Kc3 Kd7 41. Be5 Kc6 42. Kxb3 {[%emt 0:00:30] Weighted Error Value: White=0.27 (precise) /Black=0.39} 1-0